 Dungeon Crawl Stone Soup version 0.26-a0-712-ga5a9c9c9d0 (webtiles) character file.

Game seed: 13622067645805266075

86 kae the Insei (level 4, 0/25 HPs)
             Began as a Tengu Transmuter on Nov 13, 2020.
             Slain by a ball python (2 damage)
             ... while paralysed by Grinder
             ... on level 3 of the Dungeon.
             The game lasted 00:01:20 (2360 turns).

kae the Insei (Tengu Transmuter)                    Turns: 2360, Time: 00:01:21

Health: 0/25       AC:  3    Str: 12    XL:     4   Next: 49%
Magic:  2/8        EV: -1    Int: 13    God:
Gold:   106        SH:  0    Dex: 14    Spells: 3/7 levels left

rFire    . . .     SeeInvis .     - Unarmed
rCold    . . .     Faith    .   (no shield)
rNeg     + . .     Spirit   .   a - +0 robe
rPois    .         Reflect  .   (helmet restricted)
rElec    .         Harm     .   (no cloak)
rCorr    .         Rampage  .   h - +0 pair of gloves
MR       .....                  (boots unavailable)
Stlth    +.........             (no amulet)
HPRegen  0.08/turn              (no ring)
MPRegen  0.11/turn              o - ring of positive energy

@: paralysed, constricted, lightly drained
A: beak, talons 3
a: no special abilities


You were on level 3 of the Dungeon.
You visited 1 branch of the dungeon, and saw 3 of its levels.

You collected 106 gold pieces.

Inventory:

Armour
 a - a +0 robe (worn)
 h - a +0 pair of gloves (worn)
Jewellery
 j - an uncursed ring of fire
 o - a ring of positive energy (right hand)
Scrolls
 b - 3 scrolls of enchant weapon {unknown}
 e - a scroll of amnesia {unknown}
 g - 2 scrolls of remove curse {unknown}
 l - 3 scrolls of identify {unknown}
 m - 2 scrolls of enchant armour {unknown}
 n - 3 scrolls of immolation {unknown}
 p - 2 scrolls of teleportation {unknown}
Potions
 d - a potion of stabbing {unknown}
 f - 2 potions of flight {unknown}
 i - a potion of berserk rage {unknown}
 k - a potion of invisibility {unknown}


   Skills:
 - Level 1.0(0.8) Fighting
 - Level 2.1(2.0) Dodging
 + Level 4.0(3.9) Unarmed Combat
 - Level 2.0(1.8) Spellcasting
 * Level 3.0(2.8) Transmutations
 * Level 1.4(1.3) Poison Magic


You had 3 spell levels left.
You knew the following spells:

 Your Spells              Type           Power        Failure   Level
a - Beastly Appendage     Tmut           #.....       8%          1
b - Spider Form           Tmut/Pois      #.........   32%         3

Your spell library contained the following spells:

 Spells                   Type           Power        Failure   Level
 Wereblood                Tmut           #.......     12%         2
 Ice Form                 Ice/Tmut       #.......     82%         4
 Blade Hands              Tmut           #.........   91%         5


Dungeon Overview and Level Annotations

Branches:
Dungeon (3/15)

Altars:

Annotations:
D:3 Grinder


Innate Abilities, Weirdness & Mutations

You have a beak for a mouth.
You have claws for feet.


Message History

You barely resist. The ball python completely misses you.
The ball python constricts you.
You barely miss Grinder.
Grinder is severely wounded.
Grinder hits you!
* * * LOW HITPOINT WARNING * * *
You writhe in agony.
* * * LOW HITPOINT WARNING * * *
The ball python bites you.
* * * LOW HITPOINT WARNING * * *
The ball python constricts you.
You hit Grinder.
Grinder is poisoned.
Grinder is almost dead.
Grinder gestures at you.
You suddenly lose the ability to move!
The ball python completely misses you. The ball python constricts you.
Your transformation has ended.
Your +0 pair of gloves unmelds from your body.
Your +0 robe unmelds from your body.
The ball python bites you.
You die...

## .....#..... .##
#####..#..... ..
+............ #.
##.#...#..... #
#.########......#.#.#.
#.#...#.......#.#.#.#.#.
###.....#.#...#.#.#.#.#.##
...."...S.+...+..........
####.#.#@#...#.....#.# #
#.#5#...###......
#.#.#...# #.......
..#.#...# #........
..#.##### .... ...#.#
.#.#.# ###.#.#


You could see Grinder (very poisoned) and a ball python.

Vanquished Creatures
  An orc wizard (D:2)
  2 oozes
  3 dart slugs (D:1)
  2 leopard geckos (D:1)
  2 orcs (D:3)
  4 bats
  7 giant cockroaches
  6 goblins (D:1)
  2 hobgoblins (D:1)
  3 jackals (D:2)
  3 kobolds
  A frilled lizard (D:1)
  6 rats
42 creatures vanquished.

Notes
Turn   | Place    | Note
-------+----------+-------------------------------------------
     0 | D:1      | kae the Tengu Transmuter began the quest for the Orb.
     0 | D:1      | Reached XP level 1. HP: 12/12 MP: 4/4
   155 | D:1      | Reached XP level 2. HP: 16/16 MP: 6/6
   619 | D:1      | Reached XP level 3. HP: 20/20 MP: 5/7
   725 | D:1      | Learned a level 3 spell: Spider Form
  1368 | D:2      | Found a faded altar of an unknown god.
  2269 | D:2      | Reached skill level 4 in Unarmed Combat
  2269 | D:2      | Reached skill level 1 in Poison Magic
  2269 | D:2      | Reached XP level 4. HP: 12/25 MP: 4/8
  2324 | D:3      | Noticed Grinder
  2359 | D:3      | Paralysed by Grinder for 2 turns
  2360 | D:3      | Slain by a ball python

Illustrated notes

Levels and vault maps discovered:
D:1:      onia_arrival_mini_maze, layout_basic, serial_curves, eino_curves_02,
          eino_curves_04
D:2:      layout_basic, chequers_ecumenical_altar_simple
D:3:      layout_basic, tgw_trog, lightli_sewer_entry_pipes, kennysheep_donut,
          kennysheep_generic_room_10, uniq_sigmund, uniq_natasha, uniq_grinder

Skill      XL: |  1  2  3  4 |
---------------+-------------+-----
Transmutations | 2 3 |  3.0
Unarmed Combat | 4 |  4.0
Poison Magic   | 1 |  1.4
Fighting       | |  1.0
Dodging        | |  2.1
Spellcasting   | |  2.0

Action                   |  1- 3 |  4- 6 || total
-------------------------+-------+-------++-------
Melee: Unarmed           |    86 |    28 ||   114
       Kick              |    15 |     1 ||    16
       Headbutt          |     6 |     1 ||     7
       Peck              |     8 |       ||     8
 Cast: Beastly Appendage |    25 |     1 ||    26
       Spider Form       |     1 |     2 ||     3
  Use: Potion            |       |     2 ||     2
 Stab: Sleeping          |     1 |       ||     1
Armor: Robe              |    15 |       ||    15
       Skin              |       |     2 ||     2
Dodge: Dodged            |    56 |    16 ||    72

Table legend: (Time is in decaauts)
 A = Elapsed time spent in this place.
 B = Non-inter-level travel time spent in this place.
 C = Inter-level travel time spent in this place.
 D = Time resting spent in this place.
 E = Time spent auto-exploring this place.
 F = Levels seen in this place.
 G = Mean time per level.
                   A        B        C        D        E       F      G
               +--------+--------+--------+--------+--------+-----+--------+
         Total |   2351 |   2286 |     65 |      0 |   1974 |   3 |  783.7 |
       Dungeon |   2351 |   2286 |     65 |      0 |   1974 |   3 |  783.7 |
               +--------+--------+--------+--------+--------+-----+--------+

Top non-repeatable levels by time:
     D:1: 1276 daAuts
     D:2: 970 daAuts
     D:3: 104 daAuts
